 Dungeon Crawl Stone Soup version 0.21.1-1-g345015f (webtiles) character file.

239 shakethe the Conjurer (level 5, -1/49 HPs)
             Began as a Deep Dwarf Conjurer on Feb 21, 2018.
             Killed by divine providence
             ... invoked by an orc priest
              (14 damage)
             ... on level 4 of the Dungeon.
             The game lasted 00:12:14 (3347 turns).

shakethe the Conjurer (Deep Dwarf Conjurer)         Turns: 3347, Time: 00:12:14

Health: -1/49      AC: 12    Str: 12    XL:     5   Next: 79%
Magic:  4/4        EV:  9    Int: 16    God:
Gold:   163        SH:  0    Dex: 13    Spells: 6/7 levels left

rFire    . . .     SeeInvis .   m - +0 war axe
rCold    . . .     Gourm    .   (no shield)
rNeg     . . .     Faith    .   q - +0 scale mail
rPois    .         Spirit   .   (no helmet)
rElec    .         Reflect  .   (no cloak)
rCorr    .         Harm     .   s - +0 pair of gloves
MR       .....                  (no boots)
Stlth    +.........             (no amulet)
HPRegen  0.00/turn              d - +2 ring of protection
MPRegen  0.09/turn              j - +2 ring of protection

@: non-regenerating
A: damage resistance, heal wounds, sense surroundings 1, no regeneration
a: Heal Wounds


You were on level 4 of the Dungeon.
You were hungry.

You visited 1 branch of the dungeon, and saw 4 of its levels.

You collected 163 gold pieces.

Inventory:

Hand Weapons
 m - a +0 war axe (weapon)
   (You found it on level 2 of the Dungeon)
Missiles
 a - 5 javelins of returning (quivered)
Armour
 q - a +0 scale mail (worn)
   (You found it on level 2 of the Dungeon)
 s - a +0 pair of gloves (worn)
   (You found it on level 3 of the Dungeon)
Jewellery
 d - a +2 ring of protection (left hand)
   (You found it on level 2 of the Dungeon)
 j - a +2 ring of protection (right hand)
   (You found it on level 1 of the Dungeon)
 w - an uncursed ring of protection from magic {MR+, !d}
   (You found it on level 3 of the Dungeon)
Scrolls
 h - a scroll of identify {unknown}
 k - 4 scrolls of teleportation {unknown}
 r - 2 scrolls of remove curse
 t - a scroll of enchant weapon {unknown}
Potions
 g - a potion of mutation {unknown}
 n - a potion of lignification {unknown}
 o - a potion of flight {unknown}
 p - 2 potions of ambrosia {unknown}
 v - a potion of agility {unknown}
Books
 b - a book of Conjurations
Comestibles
 c - 6 rations
 f - 3 chunks of flesh {@w0@w0}


   Skills:
 + Level 3.0 Fighting
 + Level 2.9 Axes
 + Level 3.6 Armour
 - Level 2.2 Dodging
 - Level 2.4 Stealth
 - Level 1.7 Spellcasting
 - Level 3.6 Conjurations


You had 6 spell levels left.
You knew the following spells:

 Your Spells              Type           Power        Failure   Level  Hunger
a - Magic Dart            Conj           ##..         22%         1    ##.....


Dungeon Overview and Level Annotations

Branches:
Dungeon (4/15)
 Temple: D:4-7

Altars:
Uskayaw
Xom
The Shining One


Innate Abilities, Weirdness & Mutations

You are resistant to damage.
You can heal yourself by infusing magical energy.
You passively map a small area around you.
You do not regenerate.


Message History

Search for what [Enter for "armor", or ? for help]? branded Search for what [Enter for "branded", or ? for help]? jav You see here an enchanted dagger.
You are feeling hungry.
There are no items here.
(D) Dungeon
Where to? (Enter - D:3 @ (x,y), ? - help)
You see here 5 javelins of returning.
a - 5 javelins of returning
There are no items here.
(D) Dungeon
Where to? (Enter - D:3 @ (x,y), ? - help)
There is a stone staircase leading down here.
You climb downwards.
An orc comes into view.
There is a stone staircase leading up here.
You closely miss the orc. The orc hits you but does no damage.
You hit the orc. The orc closely misses you.
You barely miss the orc. The orc barely misses you. x2
You closely miss the orc. The orc barely misses you.
You completely miss the orc. The orc closely misses you.
You hit the orc.
You kill the orc!
You see here an orc corpse.
You butcher the orc corpse.
f - 3 chunks of flesh {@w0@w0} A worm comes into view.
c - 6 rations (gained 1)
There are no items here.
You hit the worm. The worm barely misses you.
You barely miss the worm. The worm bites you.
You take 2 damage, and have 38/48 hp.
You hit the worm but do no damage. The worm barely misses you.
You slash the worm! The worm closely misses you.
You hit the worm. You barely miss the worm.
The worm bites you but does no damage.
Your scale mail prevents you from hitting the worm.
The worm barely misses you.
You slash the worm!
You kill the worm! 2 orc priests come into view.
The orc priest shouts! x2
The orc priest calls down the wrath of Beogh upon you.
Beogh smites you!
An orc comes into view. It is wielding a hand axe.
You take 8 damage, and have 30/48 hp.
The orc shouts!
An orc wizard comes into view. It is wielding a dagger.
The orc priest begins to cast a cantrip, but forgets the words!
An orc comes into view. It is wielding a falchion.
The orc priest barely misses you.
The orc wizard begins to cast a cantrip, but forgets the words!
You slash the orc priest! The orc priest barely misses you.
Your scale mail prevents you from hitting the orc priest.
The orc shouts!
The orc priest hits you but does no damage.
The orc priest looks satisfied for a moment.
The orc priest hits you with a mace!
You take 6 damage, and have 24/48 hp.
You hit the orc priest. The orc priest closely misses you.
You closely miss the orc priest.
The orc wizard mumbles some strange words.
The orc wizard seems to speed up.
The orc priest misses you.
The orc priest calls upon Beogh to heal the orc priest.
The orc priest is healed somewhat.
You hit the orc priest.
The orc priest begins to cast a cantrip, but forgets the words!
You hit the orc priest. The orc priest barely misses you.
You hit the orc priest.
The orc wizard gestures wildly while chanting.
The orc wizard flickers and vanishes!
Deactivating autopickup; reactivate with Ctrl-A.
The orc priest barely misses you. The orc priest hits you with a mace.
You take 1 damage, and have 23/48 hp.
Your scale mail prevents you from hitting the orc priest.
The orc priest calls upon Beogh to heal the orc priest.
The orc priest is healed somewhat.
The orc priest hits you but does no damage.
You hit the orc priest. The orc priest barely misses you.
You hit the orc priest.
You kill the orc priest!
Your Fighting skill increases to level 3!
You hear some strange, mumbled words.
A puff of flame appears from out of thin air!
The puff of flame misses you.
You closely miss something. Something hits you but does no damage.
You slash something! Something hits you.
The orc priest calls down the wrath of Beogh upon you.
Beogh smites you!
* * * LOW HITPOINT WARNING * * *
You hear some strange, mumbled words.
A puff of frost appears from out of thin air!
The puff of frost misses you.
You take 11 damage, and have 13/49 hp.
MASSIVE DAMAGE!!
You closely miss something. Something hits you but does no damage.
The orc priest invokes the aid of Beogh against you.
Beogh smites you!
You die...

,, #.............
* , , #..##...#..#
, * #..##......# ,
#.........# *,
#.#.##....###.
#.#.##........* ,
#....ooo...... ,
#######.##{##..###
* ,
........##@##.## ,
.......<....?.#
.#####.##.#####
**,... ..#
..##.#.##
,##**#)#. * * *
,,, .... , ,.... *
*....


You could see an orc priest and 2 orcs.

Vanquished Creatures
  2 orc priests
  An orc wizard (D:3)
  Jessica (D:2)
  A gnoll (D:1)
  5 adders
  2 worms
  2 dart slugs (D:3)
  2 leopard geckos (D:3)
  10 orcs
  A giant cockroach (D:3)
  6 goblins
  5 hobgoblins
  4 jackals (D:3)
  A ball python (D:1)
  7 bats
  A frilled lizard (D:3)
  3 kobolds
  5 rats
59 creatures vanquished.

Notes
Turn   | Place    | Note
-------+----------+-------------------------------------------
     0 | D:1      | shakethe the Deep Dwarf Conjurer began the quest for the Orb.
     0 | D:1      | Reached XP level 1. HP: 15/15 MP: 3/3
   271 | D:1      | Reached skill level 1 in Armour
   301 | D:1      | Reached XP level 2. HP: 22/24 MP: 0/4
   381 | D:1      | Reached skill level 1 in Fighting
   943 | D:2      | Found a hide-covered altar of Uskayaw.
   991 | D:2      | Noticed Jessica
   995 | D:2      | HP: 2/25 [Jessica/nerve-wracking pain (11)]
  1010 | D:2      | HP: 3/25 [Jessica/nerve-wracking pain (12)]
  1017 | D:2      | Killed Jessica
  1017 | D:2      | Reached skill level 1 in Axes
  1017 | D:2      | Reached skill level 2 in Armour
  1017 | D:2      | Reached XP level 3. HP: 29/32 MP: 2/4
  1484 | D:2      | Reached skill level 2 in Fighting
  1484 | D:2      | Reached XP level 4. HP: 25/39 MP: 2/5
  1846 | D:2      | Found a glowing golden altar of the Shining One.
  1848 | D:2      | Found a shimmering altar of Xom.
  2043 | D:3      | HP: 8/39 [orc priest/divine providence (13)]
  2099 | D:3      | Reached skill level 2 in Axes
  2113 | D:3      | Reached skill level 3 in Armour
  2229 | D:3      | Found a faded altar of an unknown god.
  2290 | D:3      | Reached XP level 5. HP: 27/46 MP: 5/5
  2485 | D:3      | HP: 9/46 [orc wizard/magic dart (5)]
  3344 | D:4      | Reached skill level 3 in Fighting
  3347 | D:4      | Killed from afar by an orc priest

Skill      XL: |  1  2  3  4  5 |
---------------+----------------+-----
Armour         | 1 2 3 |  3.6
Fighting       | 1 2 3 |  3.0
Axes           | 1 2 |  2.9
Dodging        | |  2.2
Stealth        | |  2.4
Spellcasting   | |  1.7
Conjurations   | |  3.6

Action                   |  1- 3 |  4- 6 || total
-------------------------+-------+-------++-------
Melee: Unarmed           |     5 |       ||     5
       War axe           |    47 |   137 ||   184
       Club              |     7 |       ||     7
 Cast: Magic Dart        |    31 |     1 ||    32
 Abil: Heal Wounds       |     2 |     3 ||     5
  Use: Scroll            |       |     2 ||     2
  Eat: Chunk             |     2 |     6 ||     8
Armor: Leather armour    |     7 |       ||     7
       Scale mail        |    18 |    59 ||    77
Dodge: Dodged            |    55 |    77 ||   132

Vault maps used:
D:1:      dpeg_arrival_simpleton_c, minmay_cupped
D:2:      eat_drink_and_be_merry_uskayaw, nicolae_overflow_hidden_temple,
          uniq_jessica
D:3:      cheibrodos_pilgrimage, first_ration, chequers_ecumenical_altar_grove
D:4:      serial_glass, glass_columns_c, glass_columns_a, serial_shops, shop,
          nicolae_ru_awakened_eye

Table legend:
 A = Turns spent in this place as a percentage of turns spent in the entire game.
 B = Non-inter-level travel turns spent in this place as a percentage of non-inter-level travel turns spent in the entire game.
 C = Inter-level travel turns spent in this place as a percentage of turns spent in this place.
 D = Turns resting spent in this place as a percentage of non-inter-level travel turns spent in this place.
 E = Turns spent auto-exploring this place as a percentage of non-inter-level travel turns spent in this place.
 F = Non-inter-level travel turns spent in this place divided by the number of levels of this place that you've seen.
                   A       B       C       D       E      F
               +-------+-------+-------+-------+-------+----------------------
         Total | 100.0 | 100.0 |   2.8 |   7.2 |  56.3 | 813.0
       Dungeon | 100.0 | 100.0 |   2.8 |   7.2 |  56.3 | 813.0
               +-------+-------+-------+-------+-------+----------------------

Table legend:
 A = Kills in this place as a percentage of kills in entire the game.
 B = Kills by you in this place as a percentage of kills by you in the entire game.
 C = Kills by friends in this place as a percentage of kills by friends in the entire game.
 D = Other kills in this place as a percentage of other kills in the entire game.
 E = Experience gained in this place as a percentage of experience gained in the entire game.
 F = Experience gained in this place divided by the number of levels of this place that you have seen.
                   A       B       C       D       E      F
               +-------+-------+-------+-------+-------+----------------------
         Total | 100.0 | 100.0 |   N/A |   N/A | 100.0 |  85.5
       Dungeon | 100.0 | 100.0 |   N/A |   N/A | 100.0 |  85.5
               +-------+-------+-------+-------+-------+----------------------
